 Dungeon Crawl Stone Soup version 0.28.0-45-g0d030f2227 (webtiles) character file.

Game seed: 5620190859542849437

317 Peloso the Slasher (level 6, 0/55 HPs)
             Began as a Minotaur Fighter on Mar 31, 2022.
             Slain by a gnoll
             ... wielding a +0 spear
              (5 damage)
             ... on level 3 of the Dungeon.
             The game lasted 00:03:20 (2295 turns).

Peloso the Slasher (Minotaur Fighter)               Turns: 2295, Time: 00:03:21

Health: 0/55       AC: 11    Str: 21    XL:     6   Next: 20%
Magic:  5/5        EV:  7    Int:  5    God:
Gold:   96         SH:  4    Dex: 11    Spells: 5/5 levels left

rFire   + . .      SeeInvis .   a - +0 long sword
rCold   . . .      Faith    .   c - +0 buckler
rNeg    . . .      Spirit   .   o - +2 chain mail {rF+}
rPois   .          Reflect  .   (helmet restricted)
rElec   .          Harm     .   (no cloak)
rCorr   .          Rampage  .   (no gloves)
Will    .....                   (no boots)
Stlth   ..........              (no amulet)
HPRegen 0.18/turn               (no ring)
MPRegen 0.09/turn               (no ring)

@: no status effects
A: horns 2, retaliatory headbutt
a: no special abilities


You were on level 3 of the Dungeon.
You visited 1 branch of the dungeon, and saw 3 of its levels.

You collected 96 gold pieces.

Inventory:

Hand Weapons
 a - a +0 long sword (weapon)
Armour
 b - a +0 scale mail
 c - a +0 buckler (worn)
 o - a +2 chain mail of fire resistance (worn)
Wands
 n - a wand of flame (21)
Scrolls
 f - a scroll of vulnerability {unknown}
 i - a scroll of identify {unknown}
 k - a scroll of holy word {unknown}
 l - a scroll of enchant armour {unknown}
Potions
 d - a potion of might
 e - a potion of flight {unknown}
 g - a potion of cancellation {unknown}
 h - a potion of degeneration {unknown}
 j - 2 potions of attraction {unknown}
 m - a potion of lignification {unknown}
 p - a potion of heal wounds {unknown}


   Skills:
 + Level 4.8 Fighting
 + Level 5.6 Long Blades
 + Level 5.0 Armour
 + Level 1.0 Dodging
 + Level 0.2 Stealth
 + Level 4.2 Shields


You had 5 spell levels left.
You didn't know any spells.
Your spell library contained the following spells:

 Spells                   Type           Power      Damage    Failure   Level
 Corpse Rot               Necr/Air       0%         N/A       100%        2
 Poisonous Vapours        Pois/Air       0%         N/A       100%        2


Dungeon Overview and Level Annotations

Branches:
Dungeon (3/15)

Altars:

Annotations:
D:2 Sigmund
D:3 2 transporters


Innate Abilities, Weirdness & Mutations

You have a pair of horns on your head.
You reflexively headbutt those who attack you in melee.


Message History

You slash the gnoll!
You kill the gnoll!
The gnoll hits you from afar with a +0 spear.
You hit the gnoll. You headbutt the gnoll!
The gnoll is almost dead.
You block the gnoll's attack. x2; The gnoll hits you but does no damage. x2
You hit the gnoll.
You kill the gnoll!
The gnoll barely misses you.
The gnoll hits you from afar with a +4 halberd!
The gnoll hits you from afar with a +0 spear.
Your Armour skill increases to level 5!
The gnoll barely misses you. x2; You furiously retaliate!
You headbutt the gnoll.
Items here: )) ††.
You slash the gnoll!
The gnoll is severely wounded.
The gnoll hits you with a +4 halberd! The gnoll hits you with a +0 spear.
You hit the gnoll but do no damage.
The gnoll is severely wounded.
The gnoll hits you with a +4 halberd. You block the gnoll's attack.
You closely miss the gnoll.
The gnoll is severely wounded.
The gnoll hits you with a +4 halberd! The gnoll hits you with a +0 spear.
* * * LOW HITPOINT WARNING * * *
You slash the gnoll!
You kill the gnoll!
The gnoll hits you but does no damage. The gnoll hits you with a +0 spear.
* * * LOW HITPOINT WARNING * * *
Things that are here:
a +4 halberd; a gnoll corpse You hit the gnoll.
The gnoll is severely wounded.
The gnoll hits you with a +0 spear.
* * * LOW HITPOINT WARNING * * *
You barely miss the gnoll.
The gnoll is severely wounded.
The gnoll hits you with a +0 spear.
You die...

#.##.......#
#.##.......#
#.....###### # ######
#.##..########.# .....#
#.#............ .....#
.............# .....#
#..........### ##.....#
#..........#####g.....#
#.#)...........)@.....#
#.#........######....(#
...........# .....#
###........## .....#
............# ######
..##........#
..##........#
..##..<.....#
..##........#


You could see a gnoll.

Vanquished Creatures
  3 hounds
  Jessica (D:3)
  Natasha (thrice) (D:3)
  3 gnolls (D:3)
  3 adders
  5 orcs (D:3)
  4 ball pythons
  5 bats
  6 endoplasms
  5 giant cockroaches
  7 goblins
  6 hobgoblins
  2 jackals (D:2)
  4 quokkas
  5 frilled lizards (D:1)
  5 kobolds
  2 rats (D:2)
69 creatures vanquished.

Notes
Turn   | Place    | Note
-------+----------+-------------------------------------------
     0 | D:1      | Peloso the Minotaur Fighter began the quest for the Orb.
     0 | D:1      | Reached XP level 1. HP: 19/19 MP: 0/0
     2 | D:1      | Noticed a merfolk
     4 | D:1      | Noticed a spriggan
     4 | D:1      | Noticed a demonspawn
     6 | D:1      | Noticed an octopode
     8 | D:1      | Noticed an elf
     8 | D:1      | Noticed a gargoyle
    10 | D:1      | Noticed a naga
    12 | D:1      | Noticed a formicid
    12 | D:1      | Noticed a dwarf
    14 | D:1      | Noticed a demigod
    14 | D:1      | Noticed a draconian
    16 | D:1      | Noticed a human
    16 | D:1      | Noticed a minotaur
    18 | D:1      | Noticed a vine stalker
    18 | D:1      | Noticed a ghoul
    20 | D:1      | Noticed a troll
    20 | D:1      | Noticed a tengu
    24 | D:1      | Noticed a vampire
    24 | D:1      | Noticed a felid
    26 | D:1      | Noticed an ogre
    31 | D:1      | Found a faded altar of an unknown god.
   259 | D:1      | Reached XP level 2. HP: 26/27 MP: 1/1
   678 | D:2      | Reached XP level 3. HP: 33/33 MP: 2/2
   792 | D:2      | Noticed Sigmund
   823 | D:2      | Reached XP level 4. HP: 16/41 MP: 3/3
  1358 | D:3      | Noticed Jessica
  1363 | D:3      | Killed Jessica
  1509 | D:3      | Found a transporter.
  1514 | D:3      | Noticed a kobold demonologist
  1538 | D:3      | Noticed Natasha
  1549 | D:3      | Killed Natasha
  1550 | D:3      | Reached XP level 5. HP: 17/47 MP: 4/4
  1889 | D:3      | Noticed Natasha
  1897 | D:3      | Killed Natasha
  1898 | D:3      | Reached skill level 5 in Long Blades
  1992 | D:3      | Reached skill level 1 in Dodging
  2112 | D:3      | Noticed Natasha
  2118 | D:3      | Killed Natasha
  2119 | D:3      | Reached XP level 6. HP: 48/55 MP: 5/5
  2119 | D:3      | Found a transporter.
  2288 | D:3      | Reached skill level 5 in Armour
  2295 | D:3      | Slain by a gnoll

Illustrated notes

Levels and vault maps discovered:
D:1:      kb_arrival_jail, layout_rooms, hellmonk_ecumenical_altar_run_dry
D:2:      layout_loops_ring, uniq_sigmund
D:3:      gammafunk_wand_slinger, layout_rooms, uniq_natasha, uniq_jessica

Skill      XL: |  1  2  3  4  5  6 |
---------------+-------------------+-----
Armour         | 4 5 |  5.0
Fighting       | 4 |  4.8
Long Blades    | 3 4 5 |  5.6
Shields        | 4 |  4.2
Dodging        | 1 |  1.0
Stealth        | |  0.2

Action                   |  1- 3 |  4- 6 || total
-------------------------+-------+-------++-------
Melee: Long sword        |    68 |    97 ||   165
       Headbutt          |    11 |    15 ||    26
  Use: Scroll            |     1 |       ||     1
Armor: Scale mail        |    49 |    28 ||    77
       Chain mail        |       |     8 ||     8
Dodge: Dodged            |    46 |    50 ||    96
Block: Buckler           |    14 |    17 ||    31
